 Dungeon Crawl Stone Soup version 0.22.0-16-gc6d26f69f9 (webtiles) character file.

2452 Flugkiller the Cudgeler (level 9, -6/48 HPs)
             Began as a Vine Stalker Summoner on Aug 18, 2018.
             Mangled by an orc warrior
             ... wielding a +0 glaive
              (15 damage)
             ... on level 7 of the Dungeon.
             The game lasted 00:13:06 (7018 turns).

Flugkiller the Cudgeler (Vine Stalker Summoner)     Turns: 7018, Time: 00:13:07

Health: -6/48      AC:  9    Str: 17    XL:     9   Next: 50%
Magic:  0/13       EV: 11    Int: 15    God:
Gold:   478        SH:  5    Dex: 15    Spells: 8/12 levels left

rFire    . . .     SeeInvis +   q - +0 flail
rCold    . . .     Gourm    .   h - +0 buckler
rNeg     . . .     Faith    .   f - +3 scale mail "Hawum" {Str+3}
rPois    .         Spirit   +   (no helmet)
rElec    .         Reflect  .   (no cloak)
rCorr    .         Harm     .   (no gloves)
MR       +....                  (no boots)
Stlth    +.........             (no amulet)
HPRegen  0.56/turn              m - ring of see invisible
MPRegen  0.13/turn              (no ring)

@: no status effects
A: fangs 3, regeneration 1, magic shield, antimagic bite, no potion heal 3, rot
immunity
a: no special abilities


You were on level 7 of the Dungeon.
You were very hungry.

You visited 1 branch of the dungeon, and saw 7 of its levels.

You collected 478 gold pieces.

Inventory:

Hand Weapons
 q - a +0 flail (weapon)
Missiles
 g - 2 throwing nets (quivered)
Armour
 f - the +3 scale mail "Hawum" (worn) {Str+3}
   (You found it on level 6 of the Dungeon)

   It affects your strength (+3).
 h - a +0 buckler (worn)
 j - a +0 scale mail
Jewellery
 m - a ring of see invisible (left hand)
Wands
 o - a wand of acid (6)
Scrolls
 a - 3 scrolls of remove curse {unknown}
 i - 4 scrolls of teleportation
 k - a scroll of magic mapping
 n - 2 scrolls of enchant armour {unknown}
 p - a scroll of identify
 r - a scroll of enchant weapon
Potions
 b - a potion of curing
 d - 2 potions of berserk rage
 e - a potion of mutation
 l - 4 potions of ambrosia
Comestibles
 c - 12 rations


   Skills:
 + Level 6.2 Fighting
 * Level 6.9 Maces & Flails
   Level 0.9 Polearms
 - Level 3.0 Armour
 - Level 3.1 Dodging
 - Level 2.4 Stealth
 + Level 3.5 Shields
 - Level 1.4 Unarmed Combat
 - Level 2.1 Spellcasting
 - Level 4.0 Summonings


You had 8 spell levels left.
You knew the following spells:

 Your Spells              Type           Power        Failure   Level  Hunger
a - Summon Small Mammal   Summ           ##..         16%         1    #......
b - Call Canine Familiar  Summ           ##......     41%         3    ###....

Your spell library contained the following spells:

 Spells                   Type           Power        Failure   Level  Hunger
 Confuse                  Hex            #.......     93%         3    ###....
 Summon Ice Beast         Ice/Summ       #.......     98%         4    #####..
 Call Imp                 Summ           ##......     22%         2    ###....
 Confusing Touch          Hex            #.....       61%         1    #......
 Metabolic Englaciation   Hex/Ice        #.........   100%        5    ######.
 Petrify                  Tmut/Erth      #.......     100%        4    #####..
 Summon Lightning Spire   Summ/Air       #.......     98%         4    #####..
 Summon Guardian Golem    Hex/Summ       #.......     71%         3    ###....
 Gell's Gravitas          Tloc           #.........   93%         3    ###....
 Yara's Violent Unravell  Hex/Tmut       #.........   100%        5    ######.


Dungeon Overview and Level Annotations

Branches:
Dungeon (7/15)             Temple (0/1) D:7

Altars:
Cheibriados
Dithmenos
Fedhas
Hepliaklqana
Kikubaaqudgha
Nemelex Xobeh
Vehumet
Xom
The Shining One

Annotations:
D:7 3 runed doors, Anaz's ghost, novice HuSk


Innate Abilities, Weirdness & Mutations

You have razor-sharp teeth.
Your natural rate of healing is unusually fast.
When hurt, damage is shared between your health and your magic reserves.
Your bite disrupts and absorbs the magic of your enemies.
Potions cannot restore your health.
You are immune to rotting.


Message History

The orc warrior hits you with a glaive!
You hit the orc warrior but do no damage.
The orc warrior is lightly wounded.
The orc warrior hits you with a glaive!
You closely miss the orc warrior. Your bite misses the orc warrior.
The orc warrior is lightly wounded.
The orc priest calls upon Beogh to heal the orc warrior.
The orc warrior's wounds heal themselves!
The orc warrior misses you.
You closely miss the orc warrior.
You bite the orc warrior, but do no damage.
The orc warrior hits you with a glaive!!
You hit the orc warrior.
You bite the orc warrior, but do no damage.
The orc warrior is lightly wounded.
The orc priest mumbles some strange prayers to Beogh against you.
Beogh smites you!
* * * LOW HITPOINT WARNING * * *
The orc warrior hits you from afar with a glaive!
You die...

.#......#..##.###.##.#.####
..........................#
................#.##.#.##.#
###..#.#####.#.##.#.##.#
.#####...(.####.#.##.#.##.###
...............o............#
.#####.....####o####.#..#.###
...........# #.# #.#..#.#
.........o## #@# #.#..#.#
..........## #.# #.#..#.#
........o..# #.# #....#.#
.######.#..# #.# #.#..#.#
#.#..# #.####.#..#.# #.#..#
#.>.......#.# #.#..#
#.####.#.##.#
#.#..####.####.#.##.###
#####.....................#


You could see an orc warrior and an orc priest.

Vanquished Creatures
  Grinder (D:6)
  Sigmund (D:6)
  A hungry ghost (D:6)
  2 ice beasts
  A necrophage (D:6)
  2 centaurs
  4 ogres
  2 bullfrogs
  4 scorpions
  A howler monkey (D:5)
  2 crimson imps
  3 hounds
  3 orc priests
  6 orc wizards
  2 iguanas
  6 worker ants
  A hound skeleton (D:7)
  3 gnolls (D:6)
  A river rat (D:3)
  5 adders
  A shadow imp (D:5)
  An ooze (D:3)
  An adder zombie (D:6)
  3 worms
  2 dart slugs (D:1)
  7 leopard geckos
  11 orcs
  7 bats
  6 giant cockroaches
  6 goblins
  2 hobgoblins (D:2)
  7 jackals
  3 quokkas
  3 frilled lizards
  3 kobolds
  A quokka skeleton (D:5)
  2 rats
117 creatures vanquished.

Vanquished Creatures (collateral kills)
  A hound (D:4)
  An adder (D:2)
  A giant cockroach (D:2)
  A goblin (D:3)
  2 bats
  A frilled lizard (D:1)
  2 kobolds
9 creatures vanquished.

Grand Total: 126 creatures vanquished

Notes
Turn   | Place    | Note
-------+----------+-------------------------------------------
     0 | D:1      | Flugkiller the Vine Stalker Summoner began the quest for the Orb.
     0 | D:1      | Reached XP level 1. HP: 9/9 MP: 4/4
   159 | D:1      | Reached skill level 1 in Fighting
   281 | D:1      | Reached XP level 2. HP: 10/14 MP: 3/6
  1494 | D:2      | Reached XP level 3. HP: 10/18 MP: 1/7
  1622 | D:2      | Learned a level 3 spell: Call Canine Familiar
  2393 | D:3      | Found a sparkling altar of Nemelex Xobeh.
  2427 | D:3      | Found a shimmering altar of Xom.
  2445 | D:3      | Gained mutation: Your natural rate of healing is unusually fast. [Vine Stalker growth]
  2445 | D:3      | Reached XP level 4. HP: 23/23 MP: 8/8
  2882 | D:3      | Found a shadowy altar of Dithmenos.
  3290 | D:3      | Reached skill level 1 in Armour
  3487 | D:4      | Reached XP level 5. HP: 26/28 MP: 7/9
  3748 | D:4      | Reached skill level 1 in Unarmed Combat
  3748 | D:4      | Reached XP level 6. HP: 17/32 MP: 7/10
  4145 | D:4      | Reached skill level 1 in Maces & Flails
  4328 | D:4      | Found an ancient bone altar of Kikubaaqudgha.
  4380 | D:5      | Entered Level 5 of the Dungeon
  4419 | D:5      | Noticed an ice beast
  4464 | D:4      | Reached XP level 7. HP: 15/37 MP: 6/11
  4554 | D:5      | HP: 1/37 [ogre/giant spiked club (20)]
  4747 | D:5      | Gained mutation: You have razor-sharp teeth. [Vine Stalker growth]
  4747 | D:5      | Reached XP level 8. HP: 30/42 MP: 8/12
  5078 | D:5      | Found a glowing golden altar of the Shining One.
  5539 | D:6      | Reached skill level 5 in Fighting
  5539 | D:6      | Reached skill level 1 in Shields
  5600 | D:6      | Noticed Sigmund
  5609 | D:6      | Killed Sigmund
  5609 | D:6      | Reached skill level 5 in Maces & Flails
  6044 | D:6      | Reached XP level 9. HP: 46/47 MP: 11/13
  6050 | D:6      | Got a diamond-encrusted scale mail
  6061 | D:6      | Identified the +3 scale mail "Hawum" {Str+3} (You found it on level 6 of the Dungeon)
  6162 | D:6      | Noticed Grinder
  6167 | D:6      | Paralysed by Grinder for 2 turns
  6175 | D:6      | Killed Grinder
  6450 | D:7      | Found a runed gate.
  6451 | D:7      | Found a runed gate.
  6454 | D:7      | Found a runed gate.
  6505 | D:7      | Noticed Anaz's ghost (novice HuSk)
  6513 | D:7      | Found a blossoming altar of Fedhas.
  6527 | D:7      | Found a snail-covered altar of Cheibriados.
  6561 | D:7      | Found a radiant altar of Vehumet.
  6570 | D:7      | Found a hazy altar of Hepliaklqana.
  6936 | D:7      | Found a staircase to the Ecumenical Temple.
  7018 | D:7      | Mangled by an orc warrior

Skill      XL: |  1  2  3  4  5  6  7  8  9 |
---------------+----------------------------+-----
Fighting       | 1 2 3 4 5 6 |  6.2
Dodging        | 2 3 |  3.1
Armour         | 1 2 3 |  3.0
Unarmed Combat | 1 |  1.4
Maces & Flails | 1 3 5 6 |  6.9
Shields        | 2 3 |  3.5
Polearms       | |  0.9
Stealth        | |  2.4
Spellcasting   | |  2.1
Summonings     | |  4.0

Action                   |  1- 3 |  4- 6 |  7- 9 || total
-------------------------+-------+-------+-------++-------
Melee: Unarmed           |    39 |       |       ||    39
       Bite              |    30 |    47 |    95 ||   172
       Short sword       |    96 |   105 |       ||   201
       Trident           |       |    42 |       ||    42
       Flail             |       |    38 |   307 ||   345
 Cast: Summon Small Mamm |    19 |    15 |       ||    34
       Call Canine Famil |     2 |       |       ||     2
  Use: Scroll            |     3 |       |     9 ||    12
       Potion            |       |       |     1 ||     1
 Stab: Sleeping          |     2 |       |       ||     2
       Distracted        |       |     1 |       ||     1
  Eat: Chunk             |     6 |     6 |    10 ||    22
Armor: Robe              |    15 |       |       ||    15
       Ring mail         |    21 |       |       ||    21
       Scale mail        |    23 |   110 |   103 ||   236
Dodge: Dodged            |    86 |    96 |   168 ||   350
Block: Buckler           |       |    23 |    56 ||    79
